 Dungeon Crawl Stone Soup version 0.31.0-1-g2c135a0 (webtiles) character file.

Game seed: 12424065902995665047

21762 Yah the Cleaver (level 12, -5/80 HPs)
             Began as a Gargoyle Fighter on Jan 24, 2024.
             Was an Elder of Nemelex Xobeh.
             Splashed by a goliath frog's acid (7 damage)
             ... on level 1 of the Swamp.
             The game lasted 01:21:29 (14028 turns).

Yah the Cleaver (Gargoyle Fighter)                 Turns: 14028, Time: 01:21:31

Health: -5/80      AC: 31    Str: 25    XL:     12   Next: 93%
Magic:  12/12      EV:  9    Int:  9    God:    Nemelex Xobeh [****..]
Gold:   712        SH: 12    Dex: 16    Spells: 9/11 levels left

rFire   + + .        W - +10 mace "Raskur" {holy, Dex+3 Stlth+}
rCold   . . .        c - +0 buckler
rNeg    + + .        b - +4 chain mail {rF+}
rPois   ∞            l - +1 helmet
rElec   +            (no cloak)
rCorr   .            q - +1 pair of gloves
SInv    .            H - +0 pair of boots {rampage}
Will    +....        S - amulet of reflection Stlth
                     k - ring of Harmony {Wiz rF+ Will+ Dex+4}
HPRegen 0.33/turn    B - ring of positive energy
MPRegen 0.13/turn

%: reflection, rampage, wizardry (x1)
@: very slow
A: sickness immunity, AC +8, negative energy resistance 1, electricity
resistance, torment resistance 1, petrification resistance
a: Renounce Religion, Draw Escape, Draw Destruction, Draw Summoning, Triple
Draw, Deal Four


You were on level 1 of the Swamp.
You worshipped Nemelex Xobeh.
Nemelex Xobeh was greatly pleased with you.
You visited 4 branches of the dungeon, and saw 14 of its levels.
You also visited: Sewer and Gauntlet.

You collected 712 gold pieces.

Inventory:

Hand Weapons
 f - the +5 hand axe of Opnin {drain, rC+ rN+ Int+3 Dex-2}
   (You found it on level 2 of the Dungeon)

   Int+3:     It affects your intelligence (+3).
   Dex-2:     It affects your dexterity (-2).
   rC+:       It protects you from cold.
   rN+:       It protects you from negative energy.
 W - the +10 mace "Raskur" (weapon) {holy, Dex+3 Stlth+}
   (You found it on level 1 of the Lair of Beasts)

   Dex+3:     It affects your dexterity (+3).
   Stlth+:    It makes you more stealthy.
Missiles
 o - 9 boomerangs
 r - 70 stones
 t - 15 poisoned darts
Armour
 b - a +4 chain mail of fire resistance (worn)
 c - a +0 buckler (worn)
 l - a +1 helmet (worn)
 q - a +1 pair of gloves (worn)
 G - an orb of energy
 H - a +0 pair of boots of rampaging (worn)
Magical Staves
 i - a staff of fire
Jewellery
 k - the ring of Harmony (left hand) {Wiz rF+ Will+ Dex+4}
   (You found it on level 3 of the Dungeon)

   [ring of wizardry]

   Wiz:       It improves your spell success rate.
   Dex+4:     It affects your dexterity (+4).
   rF+:       It protects you from fire.
   Will+:     It increases your willpower.
 v - an amulet of guardian spirit
 B - a ring of positive energy (right hand)
 C - an amulet of faith
 Q - a ring of protection from cold
 S - an amulet of reflection (around neck)
 Y - a ring of magical power
Wands
 y - a wand of digging (6)
 z - a wand of acid (11)
 D - a wand of flame (13)
 F - a wand of mindburst (25)
Scrolls
 e - 7 scrolls of teleportation
 g - 4 scrolls of identify
 u - 3 scrolls of fog
 A - 6 scrolls of vulnerability
 E - 2 scrolls of amnesia
 O - a scroll of revelation
 P - 2 scrolls of immolation
Potions
 a - 2 potions of berserk rage
 d - 4 potions of might
 m - 4 potions of mutation
 p - 3 potions of heal wounds
 s - a potion of cancellation
 w - a potion of magic
 x - 5 potions of curing
 I - a potion of lignification
 L - a potion of brilliance
 M - a potion of ambrosia
 N - a potion of resistance
Miscellaneous
 j - a box of beasts
 n - a phial of floods
 Z - a lightning rod (inert) (quivered)


   Skills:
 + Level 11.0 Fighting
 * Level 12.2(12.3) Axes
 - Level 2.3(8.9) Maces & Flails
 + Level 11.1 Armour
 + Level 11.0 Shields


You had 9 spell levels left.
You knew the following spells:

 Your Spells              Type           Power      Damage    Failure   Level
a - Sting                 Conj/Alch      0%         1d3       54%         1
b - Apportation           Tloc           0%         N/A       54%         1

Your spell library contained the following spells:

 Spells                   Type           Power      Damage    Failure   Level
 Freeze                   Ice            0%         1d3       54%         1
 Kiss of Death            Conj/Necr      0%         2d5       54%         1
 Magic Dart               Conj           0%         1d3       54%         1
 Necrotise                Necr           0%         1d4       54%         1
 Shock                    Conj/Air       0%         1d3       54%         1
 Blink                    Tloc           0%         N/A       69%         2
 Call Imp                 Summ           0%         N/A       69%         2
 Ensorcelled Hibernation  Hex/Ice        0%         N/A       69%         2
 Jinxbite                 Hex            0%         N/A       69%         2
 Mercury Vapours          Alch/Air       0%         N/A       69%         2
 Confusing Touch          Hex            0%         N/A       88%         3
 Frozen Ramparts          Ice            0%         1d1       88%         3
 Hailstorm                Conj/Ice       0%         3d5       88%         3
 Inner Flame              Hex/Fire       0%         N/A       88%         3
 Passwall                 Erth           0%         N/A       88%         3
 Stone Arrow              Conj/Erth      0%         3d7       88%         3
 Swiftness                Air            0%         N/A       88%         3
 Vampiric Draining        Necr           0%         2d6       88%         3
 Volatile Blastmotes      Fire/Tloc      0%         2d10      88%         3
 Airstrike                Air            0%         2d(0-16)  99%         4
 Animate Armour           Summ/Erth      0%         N/A       99%         4
 Dispel Undead            Necr           0%         3d6       99%         4
 Fulminant Prism          Conj/Alch      0%         3d5       99%         4
 Iskenderun's Mystic Bla  Conj/Tloc      0%         2d3       99%         4
 Martyr's Knell           Necr/Summ      0%         N/A       99%         4
 Olgreb's Toxic Radiance  Alch           0%         N/A       99%         4
 Alistair's Intoxication  Alch           0%         N/A       100%        5
 Curse of Agony           Necr           0%         N/A       100%        5
 Irradiate                Conj/Alch      0%         3d11      100%        5
 Ignition                 Fire           0%         3d3       100%        8
 Lehudib's Crystal Spear  Conj/Erth      0%         10d2      100%        8


Dungeon Overview and Level Annotations

Branches:
Dungeon (10/15)            Temple (1/1) D:7            Lair (2/5) D:10
  Swamp (1/4) Lair:2          Orc (0/2) D:10          Sewer (visited)
Gauntlet (visited)
  Snake: Lair:2-3    Spider: Lair:2-3

Altars:
Ashenzari
Cheibriados
Dithmenos
Elyvilon
Fedhas
Gozag
Hepliaklqana
Kikubaaqudgha
Makhleb
Nemelex Xobeh
Okawaru
Qazlal
Ru
Sif Muna
Trog
Uskayaw
Vehumet
Wu Jian
Xom
Yredelemnul
Zin
The Shining One

Shops:
D:2 (   D:3 *

Portals:
Trove: D:10 (give +4 fire dragon scales)

Annotations:
Swamp:1 2 transporters, TobyRickard's ghost, adept MiBe


Innate Abilities, Weirdness & Mutations

You are immune to sickness and miasma.
Your stone body is resilient. (AC +8)
You are immune to poison.
You resist negative energy. (rN+)
You are resistant to electric shocks. (rElec)
You are resistant to unholy torment.
You are immune to petrification.


Message History

The tyrant leech is lightly wounded.
You block the tyrant leech's attack.
You hit the tyrant leech but do no damage.
The tyrant leech is lightly wounded.
The tyrant leech bites you!
* * * LOW HITPOINT WARNING * * *
Aiming: Thunderbolt
Press: ? - help, Q - select action, (/) - cycle Shift-Dir - straight line, f - tyrant leech
Aim: a tyrant leech (lightly wounded)
The thunderbolt hits the tyrant leech!!
The tyrant leech is heavily wounded.
You block the tyrant leech's attack.
Aiming: Thunderbolt
Press: ? - help, Q - select action, (/) - cycle Shift-Dir - straight line, f/p - tyrant leech
Aim: a tyrant leech (heavily wounded)
The thunderbolt hits the tyrant leech!!
The tyrant leech is almost dead.
The lightning rod overheats!
The tyrant leech bites you.
* * * LOW HITPOINT WARNING * * *
Your unstable footing causes you to fumble your attack.
A goliath frog comes into view.
The tyrant leech bites you but does no damage.
You thump the tyrant leech!
You kill the tyrant leech!
Things that are here:
a tyrant leech corpse; a swamp worm corpse You block the goliath frog's attack.
You enter the shallow water.
Moving in this stuff is going to be slow.
The goliath frog hits you but does no damage.
The goliath frog hits you from afar!
* * * LOW HITPOINT WARNING * * *
You are splashed with acid!
* * * LOW HITPOINT WARNING * * *
The goliath frog hits you from afar.
* * * LOW HITPOINT WARNING * * *
You are splashed with acid!
You die...
Your body glows with a rainbow of weird colours and disappears.

♣.~≈≈≈≈≈≈≈≈≈..~ ..♣
♣~.≈≈≈≈≈≈≈§..♣
...♣♣..~≈≈≈≈.~.[♣ ♣♣
....♣♣..≈≈≈≈~...♣♣♣♣♣♣♣.♣♣♣♣
.... ♣.≈≈≈.~.~~~♣♣..~.♣♣♣.♣
♣.~~♣..≈≈....~~..~.§....~~
♣.~.♣..~~.♣♣.♣.§>~..(.....
♣♣.....~~.♣♣♣♣.~.~........
♣~~~.§†.~@.♣ ♣♣.....######
♣♣§~~~~~~§~~♣ ♣♣.~..#..Zt.
♣♣.~~~F~~.♣♣ ♣....#...Z.
♣.~~~.~§~♣ ♣.♣..#..##.
♣~.~~.~..~♣ ♣.~..#.[#8.
♣.~..).~~.♣♣ ..~..#..##.
♣.~~~~~§♣.♣ ♣.♣~..#.....
~§.~.~.~..♣ ♣.~~(.#..##.
♣.~~..#?(#8.


You could see a goliath frog.

Vanquished Creatures
  A minotaur (Gauntlet)
  2 alligators (Swamp:1)
  A spriggan (Swamp:1)
  2 arcanists (Gauntlet)
  2 bog bodies (Lair:2)
  4 elephants
  A black mamba (shapeshifter) (D:10)
  3 cane toads
  An unseen horror zombie (D:8)
  3 komodo dragons
  A troll (D:10)
  3 hornets
  A polar bear (Lair:2)
  A tyrant leech (Swamp:1)
  Prince Ribbit (D:8)
  3 blink frogs (Lair:2)
  Grinder (D:4)
  A wraith (D:9)
  4 shadows (Gauntlet)
  22 yaks
  A vampire (D:10)
  A wyvern (D:10)
  2 basilisks
  A steam dragon (D:9)
  2 swamp worms
  Menkaure (D:5)
  3 acid dragons
  7 water moccasins
  2 black bears
  3 ice beasts
  A hornet zombie (D:6)
  An ogre (D:4)
  13 wolves
  2 centaurs (D:9)
  2 phantoms
  Blork the orc (D:4)
  6 kobold brigands
  3 bullfrogs
  A brain worm (Sewer)
  A gnoll sergeant (D:5)
  A wyvern zombie (D:6)
  4 necrophages (D:8)
  2 scorpions
  2 burial acolytes (D:6)
  2 water moccasin zombies (D:6)
  6 wights
  15 killer bees
  An electric eel (Lair:2)
  A bombardier beetle (D:4)
  3 centaur zombies
  A quasit (D:6)
  A human zombie (D:6)
  2 orc priests
  4 hounds
  2 jellies
  A bullfrog skeleton (D:6)
  3 sleepcaps
  2 gnoll boudas (D:7)
  Ijyb (D:4)
  3 iguanas
  6 orc wizards
  A killer bee zombie (D:8)
  Robin (D:4)
  12 gnolls
  A howler monkey skeleton (D:6)
  15 adders
  3 river rats (Sewer)
  2 shadow imps
  3 white imps
  10 ufetubi (D:6)
  6 ribbon worms
  2 dart slugs
  21 orcs
  12 ball pythons
  11 endoplasms
  4 giant cockroaches
  12 goblins
  11 hobgoblins
  3 jackals (D:5)
  13 kobolds
  4 quokkas
  3 bats (D:1)
  9 frilled lizards
  4 rats
338 creatures vanquished.

Vanquished Creatures (collateral kills)
  An orc warrior (D:9)
1 creature vanquished.

Vanquished Creatures (others)
  A bloated husk (Swamp:1)
  A goblin (D:4)
2 creatures vanquished.

Grand Total: 341 creatures vanquished

Notes
Turn   | Place    | Note
-------+----------+-------------------------------------------
     0 | D:1      | Yah the Gargoyle Fighter began the quest for the Orb.
     0 | D:1      | Reached XP level 1. HP: 14/14 MP: 1/1
    87 | D:1      | Reached XP level 2. HP: 16/19 MP: 2/2
   393 | D:1      | Learned a level 1 spell: Sting
   570 | D:1      | Reached XP level 3. HP: 23/23 MP: 3/3
   884 | D:2      | Identified the +5 hand axe of Opnin {drain, rC+ rN+ Int+3
                  | Dex-2}
  1062 | D:2      | Reached skill level 1 in Axes
  1062 | D:2      | Reached XP level 4. HP: 29/29 MP: 4/4
  1154 | D:2      | Found Waqipp's Antique Weapon Emporium.
  1601 | D:3      | Found Gufoacen's General Store.
  1717 | D:3      | Found a sparkling altar of Nemelex Xobeh.
  1724 | D:3      | Became a worshipper of Nemelex Xobeh the Trickster
  1902 | D:3      | Noticed a +0 dagger
  1904 | D:3      | Noticed a +0 hand axe
  1905 | D:3      | Found a hide-covered altar of Uskayaw.
  2081 | D:3      | Identified the ring of Harmony {Wiz rF+ Will+ Dex+4}
  2089 | D:3      | Learned a level 1 spell: Apportation
  2423 | D:3      | Reached XP level 5. HP: 31/33 MP: 5/5
  2466 | D:3      | Found a burning altar of Makhleb.
  2659 | D:4      | Noticed an ogre
  2667 | D:4      | Killed an ogre
  2668 | D:4      | Reached skill level 2 in Axes
  2748 | D:4      | Found a bloodstained altar of Trog.
  2791 | D:4      | Found an ornate altar of the Wu Jian Council.
  2996 | D:4      | Reached * piety under Nemelex Xobeh
  3002 | D:4      | Reached XP level 6. HP: 39/39 MP: 6/6
  3006 | D:4      | Noticed Robin
  3022 | D:4      | Killed Robin
  3122 | D:4      | Found a glowing drain.
  3131 | Sewer    | Entered a sewer
  3131 | Sewer    | Received a gift from Nemelex Xobeh
  3168 | Sewer    | Reached skill level 3 in Axes
  3444 | Sewer    | Reached XP level 7. HP: 41/44 MP: 7/7
  3448 | Sewer    | Reached skill level 5 in Fighting
  3448 | Sewer    | Reached skill level 5 in Armour
  3448 | Sewer    | Reached skill level 5 in Shields
  3616 | Sewer    | Reached skill level 4 in Axes
  3797 | Sewer    | Identified the -1 hand axe "Eruim" {heavy, rF+}
  4042 | D:4      | Noticed Blork the orc
  4044 | D:4      | Noticed Grinder
  4052 | D:4      | Killed Blork the orc
  4070 | D:4      | Paralysed by Grinder for 2 turns
  4094 | D:4      | Killed Grinder
  4095 | D:4      | Reached XP level 8. HP: 40/51 MP: 8/8
  4109 | D:4      | Found a white marble altar of Elyvilon.
  4426 | D:4      | Found a broken altar of Ashenzari.
  4436 | D:4      | Noticed Ijyb
  4447 | D:4      | Killed Ijyb
  4598 | D:5      | Entered Level 5 of the Dungeon
  4603 | D:5      | Reached skill level 5 in Axes
  4735 | D:5      | Noticed Menkaure
  4748 | D:5      | Killed Menkaure
  5176 | D:5      | Reached ** piety under Nemelex Xobeh
  5470 | D:5      | Reached skill level 6 in Axes
  5470 | D:5      | Reached XP level 9. HP: 48/56 MP: 9/9
  5521 | D:5      | Found a stormy altar of Qazlal.
  5913 | D:6      | You fall into a shaft and drop 3 floors!
  5914 | D:9      | Noticed a hornet
  5921 | D:9      | Killed a hornet
  5937 | D:9      | Reached skill level 7 in Axes
  6200 | D:9      | Received a gift from Nemelex Xobeh
  6207 | D:9      | Reached XP level 10. HP: 28/63 MP: 10/10
  6253 | D:9      | HP: 3/63 [yak (13)]
  6526 | D:8      | Reached skill level 8 in Axes
  7070 | D:8      | Noticed Prince Ribbit
  7117 | D:8      | Killed Prince Ribbit
  7185 | D:8      | Reached *** piety under Nemelex Xobeh
  7244 | D:8      | Found a blossoming altar of Fedhas.
  7289 | D:7      | Found a sacrificial altar of Ru.
  7295 | D:7      | Found a staircase to the Ecumenical Temple.
  7318 | D:7      | Received a gift from Nemelex Xobeh
  7690 | D:6      | Reached skill level 9 in Axes
  7710 | D:6      | Found an ancient bone altar of Kikubaaqudgha.
  8137 | D:6      | Received a gift from Nemelex Xobeh
  8528 | D:7      | Reached XP level 11. HP: 69/69 MP: 11/11
  8654 | D:7      | Received a gift from Nemelex Xobeh
  8813 | Temple   | Entered the Ecumenical Temple
  8951 | D:7      | Reached **** piety under Nemelex Xobeh
  9461 | D:9      | Found an opulent altar of Gozag.
  9461 | D:9      | Found a glowing silver altar of Zin.
  9677 | D:10     | Entered Level 10 of the Dungeon
  9841 | D:10     | Reached skill level 10 in Axes
  9844 | D:10     | Found a snail-covered altar of Cheibriados.
 10221 | D:10     | Found a glowing golden altar of the Shining One.
 10375 | D:10     | Found a staircase to the Lair.
 10383 | D:10     | Found a staircase to the Orcish Mines.
 10750 | D:10     | Found a portal to a secret trove of treasure.
 11052 | Lair:1   | Entered Level 1 of the Lair of Beasts
 11059 | Lair:1   | Received a gift from Nemelex Xobeh
 11875 | Lair:1   | Received a gift from Nemelex Xobeh
 11949 | Lair:1   | Reached skill level 10 in Armour
 12020 | Lair:1   | Identified the +10 mace "Raskur" {holy, Dex+3 Stlth+}
 12338 | Lair:2   | Reached skill level 10 in Shields
 12349 | Lair:2   | Reached skill level 10 in Fighting
 12349 | Lair:2   | Reached XP level 12. HP: 70/77 MP: 12/12
 12369 | Lair:2   | Reached skill level 11 in Axes
 12451 | Lair:2   | Found a gate leading to a gauntlet.
 12471 | Gauntlet | Entered a Gauntlet
 12471 | Gauntlet | Found a transporter.
 12480 | Gauntlet | Found a transporter.
 12482 | Gauntlet | Found a transporter.
 12482 | Gauntlet | Found a transporter.
 12485 | Gauntlet | Found a transporter.
 12489 | Gauntlet | Found a transporter.
 12493 | Gauntlet | Noticed a hell hog
 12495 | Gauntlet | Found a transporter.
 12496 | Gauntlet | Found the +3 Mad Mage's Maulers {Infuse+∞ VampMP -Cast}
 12497 | Gauntlet | Found a transporter.
 12574 | Gauntlet | Found a transporter.
 12594 | Gauntlet | Found a transporter.
 12596 | Gauntlet | Found a transporter.
 12618 | Gauntlet | Found a transporter.
 12641 | Gauntlet | Received a gift from Nemelex Xobeh
 12647 | Gauntlet | Found a runed translucent door.
 12701 | Gauntlet | HP: 3/77 [arcanist/bolt of cold (11)]
 13120 | Gauntlet | Noticed a minotaur
 13124 | Gauntlet | Identified the -1 hand axe of the Stork {pain, *Noise
                  | +Blink Int+5}
 13130 | Gauntlet | HP: 2/77 [minotaur/staff of fire (10)]
 13141 | Gauntlet | Killed a minotaur
 13743 | Lair:2   | Found a staircase to the Swamp.
 13771 | Swamp:1  | Entered Level 1 of the Swamp
 13789 | Swamp:1  | Reached skill level 12 in Axes
 13936 | Swamp:1  | Found a transporter.
 13960 | Swamp:1  | Found a transporter.
 13964 | Swamp:1  | Noticed a ghost crab
 13966 | Swamp:1  | Noticed TobyRickard's ghost (adept MiBe)
 13982 | Swamp:1  | Noticed an alligator
 13988 | Swamp:1  | Killed an alligator
 13988 | Swamp:1  | Noticed an alligator
 13996 | Swamp:1  | Killed an alligator
 14028 | Swamp:1  | HP: 2/80 [goliath frog (4)]
 14028 | Swamp:1  | Splashed by a goliath frog's acid

Illustrated notes

Levels and vault maps discovered:
D:1:      roderic_crop_circles_arrival_small, layout_basic
D:2:      layout_loops_ring, serial_shops, shop
D:3:      layout_basic, lemuel_round_altar, dancing_weapons_uskayaw,
          lemuel_doored_altar, serial_corexii_hall,
          chequers_hall_statues_corner_a, chequers_hall_statues_wall_a,
          corexii_hall_statues_t, corexii_hall_statues_i, serial_shops, shop,
          minmay_joined_circles
D:4:      layout_rooms, mainiacjoe_overflow_surrounded_room,
          nicolae_wu_jian_immortal_techniques, old_standard_altar,
          elyvilon_altar_1, gup_sewer_entry_spiral, uniq_blork_the_orc,
          uniq_robin, uniq_grinder, uniq_ijyb
D:5:      layout_basic, nicolae_qazlal_scattered_showers, uniq_menkaure
D:6:      layout_rooms, lemuel_mausoleum_altar_kikubaaqudgha, serial_demonic,
          serial_demonic_c, serial_demonic_g, serial_demonic_c,
          serial_demonic_d, corexii_item_surrounded_by_moat
D:7:      layout_loops_cross, general_overflow_altar, minmay_temple_entry_tees
D:8:      layout_loops_cross, fedhas_altar_decomposition, uniq_prince_ribbit1
D:9:      layout_roguey, grunt_temple_overflow_gold_and_silver
D:10:     layout_gridville, mainiacjoe_overflow_24_doors,
          mainiacjoe_overflow_alcove_2, david_lair_generic, enter_trove_3
Temple:   nicolae_temple_great_sept
Lair:1:   layout_gridlike, beast_lair_carwin_1, grunt_megastairs_5
Lair:2:   layout_loops_ring, nicolae_swamp_entry_splash_gauntlet,
          gauntlet_entry_generic, minivault_27, serial_bayou_shore_b
Swamp:1:  layout_falls_marsh, gammafunk_ghost_mausoleum,
          nicolae_swamp_bean_lake, swamp_pool_3, statue_in_the_mist_lemuel

Skill      XL: |  1  2  3  4  5  6  7  8  9 10 11 12 |
---------------+-------------------------------------+-----
Axes           | 1 2 3 4 6 7 9 10 12 | 12.2
Fighting       | 4 5 6 7 8 10 11 | 11.0
Armour         | 4 5 6 7 8 10 11 | 11.1
Shields        | 4 5 6 7 8 10 11 | 11.0
Maces & Flails | |  2.3

Action                     |  1- 3 |  4- 6 |  7- 9 | 10-12 || total
---------------------------+-------+-------+-------+-------++-------
  Melee: Flail             |    51 |       |       |       ||    51
         Hand axe          |    25 |   161 |   262 |   611 ||  1059
         Mace              |       |       |       |   260 ||   260
  Throw: Boomerang         |       |       |     2 |       ||     2
 Invoke: Draw Destruction  |       |     1 |     1 |     1 ||     3
         Draw Summoning    |       |       |     2 |     1 ||     3
  Evoke: Wand              |       |       |     2 |    11 ||    13
         Lightning rod     |       |       |       |     5 ||     5
    Use: Scroll            |     3 |     5 |     1 |    16 ||    25
         Potion            |       |     3 |       |     6 ||     9
 Armour: Scale mail        |    75 |    94 |   184 |    23 ||   376
         Chain mail        |       |       |       |   732 ||   732
  Dodge: Dodged            |    47 |    67 |   108 |   299 ||   521
  Block: Buckler           |    31 |    21 |    53 |   385 ||   490
         Reflection        |       |       |       |     2 ||     2
